 Dungeon Crawl Stone Soup version 0.31.0-9-g3a7656b989 (webtiles) character file.

Game seed: 1454848178036409935

2435 Kass the Cleaver (level 9, 0/85 HPs)
             Began as a Hill Orc Fighter on Jan 28, 2024.
             Was a Follower of Beogh.
             Slain by a vampire (7 damage)
             ... on level 7 of the Dungeon.
             The game lasted 00:19:59 (7446 turns).

Kass the Cleaver (Hill Orc Fighter)                 Turns: 7446, Time: 00:20:00

Health: 0/85       AC: 12    Str: 23    XL:     9   Next: 49%
Magic:  9/9        EV:  9    Int:  8    God:    Beogh [*.....]
Gold:   334        SH:  0    Dex: 10    Spells: 8/8 levels left

rFire   . . .        a - +0 war axe
rCold   . . .        c - +0 buckler
rNeg    . . .        b - +0 scale mail
rPois   .            (no helmet)
rElec   .            (no cloak)
rCorr   +            q - +0 pair of gloves
SInv    .            (no boots)
Will    .....        (no amulet) Stlth
                     p - +4 ring of protection
HPRegen 0.34/turn    u - ring of resist corrosion
MPRegen 0.11/turn

%: no passive effects
@: confused
A: no striking features
a: Renounce Religion


You were on level 7 of the Dungeon.
You worshipped Beogh.
Beogh was aware of your devotion.
You visited 1 branch of the dungeon, and saw 7 of its levels.

You collected 334 gold pieces.

Inventory:

Hand Weapons
 a - a +0 war axe (weapon)
 g - a +2 mace of venom
 F - a +0 orcbow
Missiles
 C - 6 curare-tipped darts (quivered)
Armour
 b - a +0 scale mail (worn)
 c - a +0 buckler (worn)
 o - an orb of energy
 q - a +0 pair of gloves (worn)
Jewellery
 p - a +4 ring of protection (left hand)
 u - a ring of resist corrosion (right hand)
 w - an amulet of magic regeneration
 y - an amulet of magic regeneration
 A - a ring of flight
Talismans
 D - a maw talisman
Wands
 E - a wand of paralysis (6)
Scrolls
 e - 3 scrolls of enchant weapon {unknown}
 f - 3 scrolls of fear {unknown}
 h - 2 scrolls of brand weapon {unknown}
 i - 2 scrolls of immolation {unknown}
 k - 4 scrolls of teleportation {unknown}
 l - a scroll of revelation {unknown}
 n - 4 scrolls of identify {unknown}
 r - 3 scrolls of summoning {unknown}
 v - 3 scrolls of vulnerability {unknown}
 B - a scroll of silence {unknown}
Potions
 d - 2 potions of might
 j - a potion of degeneration {unknown}
 m - 2 potions of heal wounds
 s - a potion of ambrosia {unknown}
 t - a potion of brilliance {unknown}
 x - a potion of invisibility {unknown}
 z - a potion of lignification {unknown}


   Skills:
 + Level 9.7 Fighting
 + Level 10.2 Axes
 + Level 6.0 Armour
 + Level 6.0 Shields


You had 8 spell levels left.
You didn't know any spells.
Your spell library contained the following spells:

 Spells                   Type           Power      Damage    Failure   Level
 Ensorcelled Hibernation  Hex/Ice        0%         N/A       88%         2
 Lesser Beckoning         Tloc           0%         N/A       88%         2
 Static Discharge         Conj/Air       0%         3-3/arc   88%         2
 Sublimation of Blood     Necr           0%         N/A       88%         2
 Fugue of the Fallen      Necr           0%         N/A       98%         3
 Gell's Gravitas          Tloc           0%         N/A       98%         3
 Teleport Other           Tloc           0%         N/A       98%         3
 Tukima's Dance           Hex            0%         N/A       98%         3
 Airstrike                Air            0%         2d(0-16)  100%        4
 Anguish                  Hex/Necr       0%         N/A       100%        4
 Passage of Golubria      Tloc           0%         N/A       100%        4
 Petrify                  Alch/Erth      0%         N/A       100%        4
 Summon Lightning Spire   Summ/Air       0%         N/A       100%        4
 Irradiate                Conj/Alch      0%         3d11      100%        5
 Yara's Violent Unravell  Hex/Alch       0%         3d3       100%        5
 Dispersal                Tloc           0%         N/A       100%        6


Dungeon Overview and Level Annotations

Branches:
Dungeon (7/15)
 Temple: D:4-7

Altars:
Trog

Shops:
D:6 *

Annotations:
D:6 Jeremiah
D:7 4 runed translucent doors


Message History

You barely miss something. Something hits you.
* * * LOW HITPOINT WARNING * * *
Something bites you.
* * * LOW HITPOINT WARNING * * *
Something draws strength from your injuries!
There is an open door here.
Something completely misses you. Something bites you.
* * * LOW HITPOINT WARNING * * *
Something draws strength from your injuries!
Something hits you but does no damage. Something bites you.
* * * LOW HITPOINT WARNING * * *
Something draws strength from your injuries!
Found 20 gold pieces and a glowing scimitar.
The slime creature quivers.
You hear some strange, mumbled words.
You are confused.
A vampire appears from thin air!
Reactivating autopickup.
You barely miss the vampire.
You feel less confused.
The vampire points at you and mumbles some strange words.
You are confused.
It was a potion of heal wounds.
You feel much better. The vampire hits you.
* * * LOW HITPOINT WARNING * * *
The vampire bites you but does no damage.
You're too confused to move!
The vampire hits you.
* * * LOW HITPOINT WARNING * * *
The vampire bites you.
* * * LOW HITPOINT WARNING * * *
The vampire draws strength from your injuries!
You closely miss the vampire. The vampire barely misses you.
The vampire bites you.
* * * LOW HITPOINT WARNING * * *
The vampire draws strength from your injuries!
The vampire attacks as it pursues you! The vampire barely misses you.
The vampire bites you!
* * * LOW HITPOINT WARNING * * *
The vampire draws strength from your injuries!
The vampire hits you!
You die...

##.....######.........##
###..##8$)8##.#.#....#
#..#8....8#..<##.#.#
#..+D.....+.#......#
#..+J.....+.####.###
#..#8....8# ##'##
#..##8:!8# ##...##
#..V######..##.....##
#.#.@......##......)#
#..##................
##. ................ ###
...##.#.........
#..##.##.......# ...
#......## #.## #.#...##
.# #.##+#


You could see a vampire.

Vanquished Creatures
  A steam dragon (D:7)
  Edmund (D:6)
  2 black bears (D:6)
  An ice beast (D:5)
  4 orc warriors
  An ogre (D:5)
  A centaur (D:7)
  A phantom (D:7)
  A kobold brigand (D:7)
  A bullfrog (D:7)
  3 scorpions
  4 wights
  4 howler monkeys (D:7)
  2 bombardier beetles
  A hound (D:5)
  3 jellies
  2 iguanas
  3 sleepcaps
  Terence (D:2)
  6 orc wizards
  4 adders
  A white imp (D:6)
  2 dart slugs
  3 ribbon worms
  14 orcs
  9 ball pythons
  6 endoplasms
  7 giant cockroaches
  4 goblins
  7 hobgoblins
  3 quokkas
  6 bats
  4 frilled lizards
  5 kobolds
  4 rats
122 creatures vanquished.

Notes
Turn   | Place    | Note
-------+----------+-------------------------------------------
     0 | D:1      | Kass the Hill Orc Fighter began the quest for the Orb.
     0 | D:1      | Reached XP level 1. HP: 19/19 MP: 1/1
    99 | D:1      | Reached skill level 3 in Axes
   127 | D:1      | Reached XP level 2. HP: 27/27 MP: 2/2
   604 | D:2      | Noticed Terence
   635 | D:2      | Killed Terence
   636 | D:2      | Reached skill level 4 in Axes
   636 | D:2      | Reached XP level 3. HP: 24/34 MP: 3/3
   814 | D:2      | Found a faded altar of an unknown god.
   917 | D:2      | Reached XP level 4. HP: 34/41 MP: 4/4
  1949 | D:3      | Reached skill level 5 in Fighting
  2606 | D:4      | Reached skill level 5 in Axes
  2606 | D:4      | Reached XP level 5. HP: 31/48 MP: 5/5
  3362 | D:4      | Reached skill level 6 in Axes
  3362 | D:4      | Reached XP level 6. HP: 28/57 MP: 6/6
  3946 | D:5      | Entered Level 5 of the Dungeon
  4006 | D:5      | Became a worshipper of Beogh the Brigand
  4006 | D:5      | Noticed an orc warrior
  4022 | D:5      | Killed an orc warrior
  4285 | D:5      | Reached skill level 7 in Axes
  4287 | D:5      | Reached XP level 7. HP: 66/66 MP: 7/7
  4790 | D:5      | Reached skill level 8 in Axes
  5095 | D:6      | Found a bloodstained altar of Trog.
  5115 | D:6      | Reached * piety under Beogh
  5126 | D:6      | Reached XP level 8. HP: 49/74 MP: 8/8
  5254 | D:6      | Noticed Edmund
  5268 | D:6      | Killed Edmund
  5356 | D:6      | Found Gics's General Store.
  5606 | D:6      | Noticed Jeremiah
  5674 | D:5      | Reached skill level 9 in Axes
  6398 | D:7      | Reached skill level 5 in Armour
  6398 | D:7      | Reached skill level 5 in Shields
  6398 | D:7      | Reached XP level 9. HP: 60/83 MP: 9/9
  7254 | D:7      | Reached skill level 10 in Axes
  7273 | D:7      | Found a large runed translucent door.
  7273 | D:7      | Found a large runed translucent door.
  7294 | D:7      | Paralysed by a centaur for 5 turns
  7352 | D:7      | Found a large runed translucent door.
  7352 | D:7      | Found a large runed translucent door.
  7432 | D:7      | HP: 4/85 [something (5)]
  7446 | D:7      | Slain by a vampire

Illustrated notes

Levels and vault maps discovered:
D:1:      erik_arrival_blinker_ship, layout_rooms
D:2:      layout_basic, hellmonk_ecumenical_altar_crossroads, uniq_terence
D:3:      layout_basic, small_statue_intersection
D:4:      layout_basic, serial_co_window_serial, co_window_paths_b,
          co_window_of_opportunity_a, co_window_paths_b, co_window_paths_b,
          co_window_corner_a, co_window_corner_a, co_window_corner_cb,
          co_window_unsneaky_path_a, co_window_cross_3, co_window_broadway_a,
          co_window_corner_cb, co_window_paths_d, co_window_4corner_b,
          glass_columns_b, glass_columns_a
D:5:      layout_gridville, kennysheep_generic_room_8
D:6:      layout_loops_ring, trog_three_pillars_becter,
          minmay_temple_entry_from_below_a, nicolae_take_the_stairs,
          chequers_serial_rivers_room_b, uniq_edmund, uniq_jeremiah
D:7:      layout_loops_corners, enter_bailey_1, minmay_hollow_rounded_squares

Skill      XL: |  1  2  3  4  5  6  7  8  9 |
---------------+----------------------------+-----
Axes           | 3 4 5 6 7 8 9 10 | 10.2
Fighting       | 4 5 6 7 8 9 |  9.7
Armour         | 5 6 |  6.0
Shields        | 5 6 |  6.0

Action                     |  1- 3 |  4- 6 |  7- 9 || total
---------------------------+-------+-------+-------++-------
  Melee: War axe           |   101 |   150 |   301 ||   552
 Invoke: Convert to Beogh  |       |     1 |       ||     1
    Use: Potion            |       |       |     1 ||     1
 Armour: Scale mail        |    77 |    93 |   241 ||   411
  Dodge: Dodged            |    50 |    48 |    86 ||   184
  Block: Buckler           |    18 |    30 |    47 ||    95
